 Dungeon Crawl Stone Soup version 0.17.1-2-g5865329 (webtiles) character file.

146 NighmareConjurer the Skirmisher (level 5, 0/47 HPs)
             Began as a Minotaur Berserker on Jan 26, 2016.
             Was a Priest of Trog.
             Slain by Pikel
             ... wielding a +0 whip of flaming
              (1 damage)
             ... on level 4 of the Dungeon on Jan 27, 2016.
             The game lasted 00:24:34 (4052 turns).

NighmareConjurer the Skirmisher (MiBe)              Turns: 4052, Time: 00:24:34

Health: 0/47       AC:  7    Str: 24    XL:     5   Next: 7%
Magic:  4/4        EV: 12    Int:  7    God:    Trog [***...]
Gold:   144        SH:  0    Dex: 10    Spells: 0 memorised, 4 levels left

rFire  . . .     SeeInvis .     a - +0 hand axe
rCold  . . .     Clarity  .     j - +0 ring mail
rNeg   . . .     SustAt   .     (no shield)
rPois  .         Gourm    .     (helmet restricted)
rElec  .         Spirit   .     t - +1 cloak
rCorr  .         Warding  .     (no gloves)
rMut   .         Stasis   .     (no boots)
MR     .....                    (no amulet)
Stlth  +.........               r - +2 ring of strength
                                d - +3 ring of intelligence

@: exhausted, slowed, very slow, not resistant to hostile enchantments, very
unstealthy
A: retaliatory headbutt, horns 2
a: Berserk, Trog's Hand, Burn Spellbooks, Renounce Religion


You were on level 4 of the Dungeon.
You worshipped Trog.
Trog was most pleased with you.
You were near starving.

You visited 1 branch of the dungeon, and saw 4 of its levels.

You collected 144 gold pieces.

Inventory:

Hand Weapons
 a - a +0 hand axe (weapon)
Armour
 b - a +0 animal skin
 j - a +0 ring mail (worn)
 t - a +1 cloak (worn)
Jewellery
 d - a +3 ring of intelligence (left hand)
 l - an uncursed amulet of clarity {unknown}
 r - a +2 ring of strength (right hand)
Wands
 p - a wand of random effects (13)
Scrolls
 e - a scroll of blinking {unknown}
 f - 5 scrolls of identify {unknown}
 g - a scroll of recharging {unknown}
 i - 4 scrolls of remove curse {unknown}
 k - a scroll of amnesia {unknown}
 w - a scroll of noise {unknown}
 y - 2 scrolls of random uselessness {unknown}
 A - a scroll of teleportation {unknown}
Potions
 h - a potion of lignification {unknown}
 m - 3 potions of resistance {unknown}
 n - a potion of agility {unknown}
 o - a potion of curing {unknown}
 q - a potion of invisibility {unknown}
 s - a potion of cancellation {unknown}
 u - 2 potions of degeneration {unknown}
 x - a potion of brilliance {unknown}
 z - a potion of mutation {unknown}
 B - a potion of cure mutation {unknown}
Books
 C - a book of Battle

   Spells                             Type                      Level
   a - Infusion                       Charms                       1
   b - Shroud of Golubria             Charms/Translocation         2
   c - Song of Slaying                Charms                       2
   d - Spectral Weapon                Hexes/Charms                 3
   e - Regeneration                   Charms/Necromancy            3
   Trog disapproves of the use of such an item.
Comestibles
 c - a bread ration
 v - a fruit


   Skills:
 + Level 4.6 Fighting
 + Level 4.4 Axes
 + Level 3.1 Armour
 + Level 3.8 Dodging
 + Level 1.1 Stealth


You had 4 spell levels left.
You didn't know any spells.

Dungeon Overview and Level Annotations

Branches:
Dungeon (4/15)
 Temple: D:4-7

Altars:
Nemelex Xobeh
Okawaru

Annotations:
D:4 Pikel


Innate Abilities, Weirdness & Mutations

You reflexively headbutt those who attack you in melee.
You have a pair of horns on your head.


Message History

You furiously retaliate!
You headbutt the orc. Pikel hits you with a whip of flaming. Pikel burns you.
The slave hits you but does no damage. The slave hits you!
* * * LOW HITPOINT WARNING * * *
The slave hits you!
* * * LOW HITPOINT WARNING * * *
The orc barely misses you.
You hit the slave.
The slave is lightly wounded.
You hit the slave.
The slave is moderately wounded.
You barely miss Pikel. You hit the orc.
You kill the orc!
Trog accepts your kill.
Pikel says, "I knew I should've brought a map."
Pikel hits you with a whip of flaming.
* * * LOW HITPOINT WARNING * * *
Pikel burns you.
You die...

#....#
#####..%.#
#........#
#........#
#).......#
#$)).....#
#.p......#
#pK.p....+
#<)@p....#
#
####...###
#..####...#
#......<..#
#.........#
#.........#
P.........#
PP≈.......#
≈♣P≈≈P....#


You could see Pikel and 4 slaves.

Vanquished Creatures
  Jessica (D:3)
  An orc wizard (D:4)
  Robin (D:2)
  An adder (D:2)
  An ooze (D:2)
  A giant gecko (D:2)
  5 orcs
  10 bats
  3 giant cockroaches (D:1)
  17 goblins
  8 hobgoblins
  11 kobolds
  A quokka (D:2)
  5 rats
66 creatures vanquished.

Vanquished Creatures (others)
  A hobgoblin (D:1)
1 creature vanquished.

Grand Total: 67 creatures vanquished

Notes
Turn   | Place    | Note
--------------------------------------------------------------
     0 | D:1      | NighmareConjurer the Minotaur Berserker began the quest for the Orb.
     0 | D:1      | Reached XP level 1. HP: 19/19 MP: 0/0
   203 | D:1      | Found a sparkling altar of Nemelex Xobeh.
   621 | D:1      | Reached XP level 2. HP: 21/27 MP: 1/1
   736 | D:1      | Reached skill level 4 in Fighting
  1234 | D:1      | Reached ** piety under Trog
  1715 | D:2      | Reached XP level 3. HP: 33/33 MP: 2/2
  2358 | D:2      | Noticed Robin
  2375 | D:2      | Killed Robin
  2375 | D:2      | Reached XP level 4. HP: 29/41 MP: 3/3
  3122 | D:3      | Found an iron altar of Okawaru.
  3253 | D:3      | Reached skill level 1 in Stealth
  3463 | D:3      | Noticed Jessica
  3467 | D:3      | Killed Jessica
  3493 | D:3      | Found a faded altar to an unknown god.
  3773 | D:3      | Reached *** piety under Trog
  4031 | D:4      | Noticed a phantom
  4032 | D:4      | Noticed a slave
  4033 | D:4      | Noticed a slave
  4035 | D:4      | Noticed Pikel
  4035 | D:4      | Noticed a slave
  4035 | D:4      | Noticed a slave
  4045 | D:4      | Reached XP level 5. HP: 47/47 MP: 4/4
  4052 | D:4      | HP: 1/47 [Pikel/whip of flaming (4)]
  4052 | D:4      | Slain by Pikel

Action                   |  1- 3 |  4- 6 || total
-------------------------+-------+-------++-------
Melee: Hand axe          |    72 |    38 ||   110
       Unarmed           |     2 |       ||     2
Invok: Berserk           |     1 |     1 ||     2
  Eat: Chunk             |     2 |     1 ||     3
       Bread ration      |     1 |       ||     1
       Fruit             |       |     1 ||     1
       Pizza             |       |     1 ||     1
